 Dungeon Crawl Stone Soup version 0.28-a0-21-gf74fda84f9 (webtiles) character file.

Game seed: 16408437817441211374

2642 zazu2006 the Sneak (level 9, -10/76 HPs)
             Began as a Naga Hedge Wizard on July 26, 2021.
             Killed by nerve-wracking pain
             ... invoked by Menkaure
              (14 damage)
             ... on level 7 of the Dungeon.
             The game lasted 00:16:52 (9175 turns).

zazu2006 the Sneak (Naga Hedge Wizard)              Turns: 9175, Time: 00:16:53

Health: -10/76     AC:  9    Str: 13    XL:     9   Next: 61%
Magic:  7/18       EV: 10    Int: 16    God:
Gold:   249        SH:  0    Dex: 12    Spells: 11/20 levels left

rFire   . . .      SeeInvis +   u - +0 scimitar (flame)
rCold   . . .      Faith    .   (no shield)
rNeg    . . .      Spirit   .   w - +0 acid dragon scales
rPois   +          Reflect  .   m - +1 helmet
rElec   .          Harm     .   (no cloak)
rCorr   +          Rampage  .   f - +0 pair of gloves
Will    +....                   (no barding)
Stlth   +++.......              (no amulet)
HPRegen 0.22/turn               (no ring)
MPRegen 0.16/turn               (no ring)

@: very slow
A: AC +3, large, see invisible, deformed body, poison resistance, slowness 2,
spit poison 1, naga tail 1
a: Spit Poison


You were on level 7 of the Dungeon.
You visited 2 branches of the dungeon, and saw 8 of its levels.

You collected 297 gold pieces.
You spent 48 gold pieces at shops.

Inventory:

Hand Weapons
 c - a +0 falchion of freezing
 u - a +0 scimitar of flaming (weapon)
Missiles
 q - 2 boomerangs of dispersal
Armour
 b - a +0 robe
 f - a +0 pair of gloves (worn)
 m - a +1 helmet (worn)
 w - +0 acid dragon scales (worn)
Jewellery
 v - an amulet of magic regeneration
Wands
 y - a wand of iceblast (9)
Scrolls
 g - 2 scrolls of teleportation
 h - 3 scrolls of magic mapping
 k - a scroll of fog {unknown}
 n - a scroll of torment {unknown}
 o - a scroll of acquirement {unknown}
 p - a scroll of holy word {unknown}
 r - a scroll of enchant weapon {unknown}
 x - a scroll of vulnerability {unknown}
Potions
 a - a potion of cancellation {unknown}
 e - 2 potions of mutation
 i - 2 potions of curing
 j - a potion of resistance {unknown}
 l - a potion of invisibility {unknown}
 s - 2 potions of lignification {unknown}
 t - 2 potions of degeneration {unknown}


   Skills:
 + Level 3.6 Fighting
 + Level 3.1 Long Blades
 + Level 0.7 Throwing
 + Level 1.9 Armour
 + Level 4.0 Dodging
 + Level 7.1 Stealth
 + Level 6.2 Spellcasting
 + Level 5.2 Conjurations
 + Level 1.0 Summonings
 + Level 1.5 Translocations
 + Level 0.3 Fire Magic
 + Level 2.2 Air Magic
 + Level 5.0 Poison Magic
 + Level 1.0 Evocations


You had 11 spell levels left.
You knew the following spells:

 Your Spells              Type           Power      Damage    Failure   Level
a - Magic Dart            Conj           84%        1d7       2%          1
b - Mephitic Cloud        Conj/Pois/Air  18%        N/A       11%         3
c - Conjure Flame         Conj/Fire      14%        6-21      19%         3
d - Blink                 Tloc           N/A        N/A       16%         2

Your spell library contained the following spells:

 Spells                   Type           Power      Damage    Failure   Level
 Call Imp                 Summ           8%         N/A       21%         2
 Slow                     Hex            4%         N/A       30%         2
 Summon Guardian Golem    Hex/Summ       6%         N/A       43%         3
 Orb of Destruction       Conj           10%        9d5       100%        7
 Spellforged Servitor     Conj/Summ      7%         N/A       100%        7


Dungeon Overview and Level Annotations

Branches:
Dungeon (7/15)             Temple (1/1) D:5

Altars:
Ashenzari
Cheibriados
Elyvilon
Fedhas
Gozag
Hepliaklqana
Kikubaaqudgha
Makhleb
Nemelex Xobeh
Okawaru
Qazlal
Ru
Trog
Uskayaw
Wu Jian
Xom
Yredelemnul
Zin
The Shining One

Shops:
D:3 =   D:5 ?

Annotations:
D:7 Menkaure


Innate Abilities, Weirdness & Mutations

Your serpentine skin is tough. (AC +3)
You have supernaturally acute eyesight. (SInv)
Armour fits poorly on your strangely shaped body.
Your system is resistant to poisons. (rPois)
You cover ground very slowly.
You can spit poison.
You have a snake-like lower body.


Message History

Unknown command.
You feel much better. Menkaure hits you!
* * * LOW HITPOINT WARNING * * *
Casting: Blink (safe; 16% risk of failure)
Confirm with . or Enter, or press ? or * to list all spells.
Okay, then.
You feel much better. Menkaure hits you!!
* * * LOW HITPOINT WARNING * * *
You hit Menkaure but do no damage.
Menkaure is heavily damaged.
Menkaure hits you but does no damage. Menkaure hits you!!
* * * LOW HITPOINT WARNING * * *
Unknown command.
Casting: Blink (safe; 16% risk of failure)
Confirm with . or Enter, or press ? or * to list all spells.
You blink.
Okay, then.
Casting: Blink (safe; 16% risk of failure)
Confirm with . or Enter, or press ? or * to list all spells.
You blink.
Menkaure calls on the powers of darkness!
You feel a surge of unholy energy.
Found a hunting sling.
Unknown command.
Your magical contamination has completely faded away.
Casting: Blink (safe; 16% risk of failure)
Confirm with . or Enter, or press ? or * to list all spells.
You blink.
An ufetubus comes into view.
The ufetubus shouts!
Casting: Blink (safe; 16% risk of failure)
Confirm with . or Enter, or press ? or * to list all spells.
Aiming: Magic Dart (safe; 2% risk of failure)
Press: ? - help, Shift-Dir - straight line, f/p - Menkaure
Aim: Menkaure (heavily damaged, fast, 100% to hit)
The magic dart hits Menkaure but does no damage.
Menkaure is heavily damaged.
Menkaure casts a spell at you. Pain shoots through your body!
You die...

..### ..... #..
#####5.... ..###..
##......... #.#....
'......... #.#....
#......... #.#<...
#)........ #......
#.@..#.#### #.....
...............####.....
........#............#.#
#####.###...M........#.#
.. ######.......#.# ...
#...........#.# #..
#.............# #..
#....ยง..#......
#######.#.##..#


You could see Menkaure (fast) and an ufetubus.

Vanquished Creatures
  Joseph (D:7)
  Maggie (D:6)
  Grinder (D:6)
  Eustachio (D:6)
  A water moccasin (D:5)
  2 sky beasts
  A necrophage (D:5)
  A black bear (D:4)
  An ogre (D:5)
  2 bullfrogs (D:6)
  2 scorpions
  A wyvern zombie (D:6)
  The ghost of Nausicaa the Poker, a weakling DsCK of Xom (D:4)
  A centaur zombie (D:6)
  4 orc priests
  A gnoll shaman (D:5)
  4 hounds
  A centaur skeleton (D:4)
  A jelly (D:5)
  2 iguanas
  7 orc wizards
  A killer bee zombie (D:7)
  5 adders
  7 gnolls
  A shadow imp (D:6)
  2 adder skeletons (D:4)
  A worm (D:2)
  4 dart slugs
  11 orcs
  6 endoplasms
  4 giant cockroaches
  4 goblins
  9 hobgoblins
  5 jackals
  9 kobolds
  5 quokkas
  7 ball pythons
  8 bats
  2 frilled lizards
  5 rats
133 creatures vanquished.

Notes
Turn   | Place    | Note
-------+----------+-------------------------------------------
     0 | D:1      | zazu2006 the Naga Hedge Wizard began the quest for the Orb.
     0 | D:1      | Reached XP level 1. HP: 15/15 MP: 4/4
   245 | D:1      | Reached XP level 2. HP: 21/22 MP: 4/6
   853 | D:1      | Reached XP level 3. HP: 25/28 MP: 0/8
  2000 | D:2      | Found a faded altar of an unknown god.
  2357 | D:2      | Reached XP level 4. HP: 36/36 MP: 9/9
  3149 | D:3      | Found an iron altar of Okawaru.
  3339 | D:3      | Learned a level 3 spell: Mephitic Cloud
  3343 | D:3      | Learned a level 3 spell: Conjure Flame
  3346 | D:3      | Learned a level 2 spell: Blink
  3535 | D:2      | Reached skill level 1 in Poison Magic
  3720 | D:3      | Reached XP level 5. HP: 42/42 MP: 8/11
  3753 | D:3      | Found Tuonniditu's Jewellery Shoppe.
  4016 | D:3      | Found a sparkling altar of Nemelex Xobeh.
  4516 | D:4      | Reached skill level 1 in Fighting
  4718 | D:4      | Reached skill level 4 in Stealth
  4718 | D:4      | Reached XP level 6. HP: 41/51 MP: 4/12
  5195 | D:4      | Noticed a black bear
  5206 | D:4      | Killed a black bear
  5233 | D:4      | Reached skill level 1 in Air Magic
  5293 | D:4      | Found a burning altar of Makhleb.
  5468 | D:4      | Reached XP level 7. HP: 58/58 MP: 9/13
  5526 | D:4      | Found a runed translucent door.
  5611 | D:4      | Noticed Nausicaa's ghost (weakling DsCK)
  5770 | D:5      | Entered Level 5 of the Dungeon
  6346 | D:5      | Found a staircase to the Ecumenical Temple.
  6418 | Temple   | Entered the Ecumenical Temple
  6638 | D:5      | Reached skill level 5 in Stealth
  6638 | D:5      | Reached skill level 5 in Spellcasting
  6660 | D:5      | Reached XP level 8. HP: 67/67 MP: 2/15
  6939 | D:5      | Found Uffiuq's Magic Scroll Shoppe.
  6947 | D:5      | Bought a scroll of identify for 24 gold pieces
  6951 | D:5      | Bought a scroll of identify for 24 gold pieces
  7711 | D:6      | Noticed Maggie
  7758 | D:6      | Killed Maggie
  7759 | D:6      | Reached skill level 1 in Long Blades
  7759 | D:6      | Reached skill level 6 in Stealth
  7759 | D:6      | Reached skill level 1 in Evocations
  8210 | D:6      | Reached XP level 9. HP: 74/74 MP: 12/17
  8341 | D:6      | Noticed Grinder
  8356 | D:6      | Paralysed by Grinder for 2 turns
  8361 | D:6      | Killed Grinder
  8362 | D:6      | Reached skill level 1 in Armour
  8362 | D:6      | Reached skill level 5 in Conjurations
  8476 | D:6      | Noticed Eustachio
  8484 | D:6      | Killed Eustachio
  8880 | D:4      | Killed Nausicaa's ghost
  9090 | D:7      | Noticed Joseph
  9115 | D:7      | Killed Joseph
  9116 | D:7      | Reached skill level 7 in Stealth
  9116 | D:7      | Reached skill level 5 in Poison Magic
  9161 | D:7      | Noticed Menkaure
  9170 | D:7      | HP: 3/76 [Menkaure (19)]
  9175 | D:7      | Killed from afar by Menkaure

Illustrated notes

Levels and vault maps discovered:
D:1:      lemuel_arrival_river_ford, layout_basic
D:2:      layout_basic, dreamdust_ecumenical_altar_statues,
          hangedman_feature_mirror, minmay_circled_x
D:3:      layout_basic, marbit_many_paths, overflow_temple_1_default,
          serial_shops, shop
D:4:      layout_gridville, makhleb_blood_cavern_becter,
          ebering_ghost_reflecting_pool, corexii_hall_statues_x, abandoned_shop,
          st_stairs_6
D:5:      layout_basic, minmay_temple_entry_mist, serial_shops, shop
D:6:      layout_layer_cave, minmay_holes, roderic_serpentine_path, uniq_maggie,
          uniq_eustachio, uniq_grinder
D:7:      layout_basic, nicolae_sif_muna_little_library, uniq_menkaure,
          uniq_joseph
Temple:   nicolae_temple_elliptical

Skill      XL: |  1  2  3  4  5  6  7  8  9 |
---------------+----------------------------+-----
Dodging        | 2 3 4 |  4.0
Poison Magic   | 1 2 3 4 5 |  5.0
Spellcasting   | 4 5 6 |  6.2
Fighting       | 1 2 3 |  3.6
Conjurations   | 2 3 4 5 |  5.2
Stealth        | 4 5 6 7 |  7.1
Air Magic      | 1 2 |  2.2
Long Blades    | 1 3 |  3.1
Evocations     | 1 |  1.0
Armour         | 1 |  1.9
Throwing       | |  0.7
Summonings     | |  1.0
Translocations | |  1.5
Fire Magic     | |  0.3

Action                   |  1- 3 |  4- 6 |  7- 9 || total
-------------------------+-------+-------+-------++-------
Melee: Dagger            |    34 |    80 |    58 ||   172
       Falchion          |       |       |    15 ||    15
       Scimitar          |       |       |    55 ||    55
Throw: Throwing net      |       |       |     1 ||     1
 Cast: Magic Dart        |   100 |    93 |   134 ||   327
       Mephitic Cloud    |       |     8 |    18 ||    26
       Conjure Flame     |       |       |     3 ||     3
       Blink             |       |       |     4 ||     4
 Abil: Spit Poison       |    17 |    20 |    26 ||    63
Evoke: Wand              |       |       |     6 ||     6
  Use: Scroll            |       |       |     5 ||     5
       Potion            |       |       |     2 ||     2
 Stab: Sleeping          |     1 |       |     1 ||     2
       Confused          |       |     3 |    11 ||    14
       Held in net/web   |       |       |     1 ||     1
Armor: Robe              |    18 |    49 |    18 ||    85
       Acid dragon scale |       |       |    23 ||    23
Dodge: Dodged            |    30 |    71 |    85 ||   186
       Rpst.: Falchion   |       |       |     3 ||     3
       Scimitar          |       |       |    10 ||    10

Table legend: (Time is in decaauts)
 A = Elapsed time spent in this place.
 B = Non-inter-level travel time spent in this place.
 C = Inter-level travel time spent in this place.
 D = Time resting spent in this place.
 E = Time spent auto-exploring this place.
 F = Levels seen in this place.
 G = Mean time per level.
                   A        B        C        D        E       F      G
               +--------+--------+--------+--------+--------+-----+--------+
         Total |  11221 |  10672 |    549 |    738 |   8470 |   8 | 1402.6 |
       Dungeon |  10978 |  10463 |    515 |    738 |   8261 |   7 | 1568.3 |
        Temple |    242 |    209 |     33 |      0 |    208 |   1 |  242.0 |
               +--------+--------+--------+--------+--------+-----+--------+

Top non-repeatable levels by time:
     D:6: 2114 daAuts
     D:1: 1858 daAuts
     D:4: 1816 daAuts
     D:2: 1803 daAuts
     D:3: 1775 daAuts
     D:5: 1415 daAuts
  Temple: 242 daAuts
     D:7: 194 daAuts
